 Dungeon Crawl Stone Soup version 0.32-a0-519-g08f29ac1c3 (webtiles) character file.

Game seed: 9412225283719773886

245 seren the Charlatan (level 6, 0/45 HPs)
             Began as a Coglin Artificer on Feb 27, 2024.
             Splashed by a jelly's acid (9 damage)
             ... on level 4 of the Dungeon.
             The game lasted 00:06:25 (3452 turns).

seren the Charlatan (Coglin Artificer)              Turns: 3452, Time: 00:06:25

Health: 0/45       AC:  4    Str: 12    XL:     6   Next: 10%
Magic:  6/6        EV: 12    Int: 11    God:
Gold:   87         SH:  0    Dex: 16    Spells: 5/5 levels left

rFire   . . .        i - +0 dagger {Haoran}
rCold   . . .        h - +0 dagger {Cedro}
rNeg    . . .        b - +0 leather armour
rPois   .            (no helmet)
rElec   .            (no cloak)
rCorr   .            (no gloves)
SInv    .            g - +0 pair of boots
Will    .....        (no amulet)
Stlth   ++           (ring unavailable)
HPRegen 0.27/turn    (ring unavailable)
MPRegen 0.10/turn

%: no passive effects
@: revved
A: off-hand wielding, slow wielding, warmup strikes, no rings
a: no special abilities


You were on level 4 of the Dungeon.
You visited 1 branch of the dungeon, and saw 4 of its levels.

You collected 204 gold pieces.
You spent 117 gold pieces at shops.

Inventory:

Hand Weapons
 h - a +0 dagger (offhand) {Cedro}
 i - a +0 dagger (weapon) {Haoran}
Missiles
 k - 3 poisoned darts
Armour
 b - a +0 leather armour (worn)
 g - a +0 pair of boots (worn)
Wands
 c - a wand of flame (15) (quivered)
 d - a wand of charming (10)
 e - a wand of iceblast (5)
Scrolls
 a - a scroll of teleportation {unknown}
 f - 2 scrolls of identify {unknown}
 l - a scroll of revelation {unknown}
 m - a scroll of fear {unknown}
 n - a scroll of enchant armour {unknown}
Potions
 j - a potion of enlightenment {unknown}
 o - a potion of curing


   Skills:
 + Level 2.3 Fighting
 * Level 2.6 Short Blades
 + Level 2.7 Armour
 + Level 1.9 Dodging
 + Level 1.8 Stealth
 + Level 4.9 Evocations


You had 5 spell levels left.
You didn't know any spells.
Your spell library contained the following spells:

 Spells                   Type           Power      Damage    Failure   Level
 Ensorcelled Hibernation  Hex/Ice        0%         N/A       56%         2
 Passwall                 Erth           0%         N/A       80%         3
 Swiftness                Air            0%         N/A       80%         3


Dungeon Overview and Level Annotations

Branches:
Dungeon (4/15)
 Temple: D:4-7

Altars:

Shops:
D:3 !

Annotations:
D:4 2 transporters


Innate Abilities, Weirdness & Mutations

You can wield a second weapon in your off-hand.
It takes a long time for you to wield or remove held weapons.
Your first few attacks do less damage.
Your grasper-arms cannot wear rings.


Message History

You puncture the goblin with your +0 dagger!
You kill the goblin!
You see here a +0 dagger.
Found 2 stones.
No target in view!
o - a potion of curing
Found a stone staircase leading down.
A jelly comes into view.
The jelly quivers.
The jelly hits you but does no damage.
You hit the jelly with your +0 dagger.
Your graspers burn!
The jelly is lightly wounded.
You hit the jelly with your +0 dagger.
Your graspers burn!
The jelly closely misses you.
You hit the jelly with your +0 dagger.
Your graspers burn!
The jelly is heavily wounded.
You completely miss the jelly with your +0 dagger.
You hit the jelly with your +0 dagger.
Your graspers burn!
* * * LOW HITPOINT WARNING * * *
The jelly is heavily wounded.
You hit the jelly but do no damage.
Your graspers burn!
* * * LOW HITPOINT WARNING * * *
The jelly hits you.
* * * LOW HITPOINT WARNING * * *
You are splashed with acid!
* * * LOW HITPOINT WARNING * * *
You hit the jelly with your +0 dagger.
Your graspers burn!
* * * LOW HITPOINT WARNING * * *
The jelly is severely wounded.
You hit the jelly with your +0 dagger.
Your graspers burn!
* * * LOW HITPOINT WARNING * * *
The jelly hits you but does no damage.
You barely miss the jelly with your +0 dagger.
The jelly is severely wounded.
You hit the jelly with your +0 dagger.
Your graspers burn!
* * * LOW HITPOINT WARNING * * *
The jelly hits you.
* * * LOW HITPOINT WARNING * * *
You are splashed with acid!
You die...

#.# #.# #.# #.#
###.## ..#
##....# ..#
#..##.## #.#
#....... #.#
####..###©## #J#
......##.###
######@##..###.#
5 #.........#
#.#(5 .#.
#(####..#.#
##.#. ..#
#.#....>..#
#..#. ..©
#.#.####### #.#
.# .. #.#.#
###.# ...###=
###.#.# #..[##
#..($ #.....#
#.#..### ###
###.#.#####
#.#....####.©


You could see a jelly.

Vanquished Creatures
  2 scorpions (D:4)
  5 adders
  4 dart slugs
  2 ribbon worms
  An orc (D:3)
  7 ball pythons
  5 endoplasms
  7 giant cockroaches
  4 hobgoblins
  2 jackals (D:2)
  A quokka (D:2)
  7 bats
  6 frilled lizards
  6 goblins
  7 kobolds
  6 rats
72 creatures vanquished.

Vanquished Creatures (collateral kills)
  A ball python (D:2)
1 creature vanquished.

Vanquished Creatures (others)
  A jackal (D:2)
1 creature vanquished.

Grand Total: 74 creatures vanquished

Notes
Turn   | Place    | Note
-------+----------+-------------------------------------------
     0 | D:1      | seren the Coglin Artificer began the quest for the Orb.
     0 | D:1      | Reached XP level 1. HP: 15/15 MP: 1/1
    66 | D:1      | Found a faded altar of an unknown god.
   128 | D:1      | Reached skill level 1 in Dodging
   280 | D:1      | Reached XP level 2. HP: 21/21 MP: 2/2
  1008 | D:2      | Reached skill level 1 in Stealth
  1008 | D:2      | Reached XP level 3. HP: 23/26 MP: 3/3
  1064 | D:2      | Reached skill level 1 in Short Blades
  1438 | D:2      | Reached XP level 4. HP: 33/33 MP: 4/4
  2349 | D:3      | Found Xul Inou's Distillery.
  2362 | D:3      | Bought a potion of degeneration for 13 gold pieces
  2362 | D:3      | Bought a potion of curing for 39 gold pieces
  2362 | D:3      | Bought a potion of heal wounds for 65 gold pieces
  2716 | D:3      | Reached XP level 5. HP: 23/38 MP: 5/5
  3181 | D:4      | Reached XP level 6. HP: 38/45 MP: 6/6
  3331 | D:4      | Found a transporter.
  3348 | D:4      | Found a transporter.
  3452 | D:4      | Splashed by a jelly's acid

Illustrated notes

Levels and vault maps discovered:
D:1:      nagdon_arrival_double_spiral, layout_loops_ring,
          dreamdust_ecumenical_altar_statues, chequers_serial_rivers_small_3
D:2:      layout_loops_corners, lexackson_kobold_supper
D:3:      layout_basic, serial_shops, shop, saegor_snake_ambush
D:4:      layout_basic, gammafunk_ghost_stat_death, grunt_decor_fettered

Skill      XL: |  1  2  3  4  5 |
---------------+----------------+-----
Dodging        | 1 |  1.9
Armour         | 2 |  2.7
Stealth        | 1 |  1.8
Short Blades   | 1 2 |  2.6
Fighting       | 2 |  2.3
Evocations     | |  4.9

Action                     |  1- 3 |  4- 6 || total
---------------------------+-------+-------++-------
  Melee: Club              |    23 |       ||    23
         Dagger            |   160 |   255 ||   415
  Evoke: Wand              |     4 |     1 ||     5
    Use: Potion            |       |     3 ||     3
   Stab: Sleeping          |     5 |     4 ||     9
         Distracted        |       |     1 ||     1
 Armour: Leather armour    |    68 |    95 ||   163
  Dodge: Dodged            |    57 |    69 ||   126
         Repelled          |       |     2 ||     2

Table legend: (Time is in decaauts)
 A = Elapsed time spent in this place.
 B = Non-inter-level travel time spent in this place.
 C = Inter-level travel time spent in this place.
 D = Time resting spent in this place.
 E = Time spent auto-exploring this place.
 F = Levels seen in this place.
 G = Mean time per level.
                   A        B        C        D        E       F      G
               +--------+--------+--------+--------+--------+-----+--------+
         Total |   3464 |   3395 |     69 |    308 |   2334 |   4 |  866.0 |
       Dungeon |   3464 |   3395 |     69 |    308 |   2334 |   4 |  866.0 |
               +--------+--------+--------+--------+--------+-----+--------+

Top non-repeatable levels by time:
     D:2: 1093 daAuts
     D:3: 1088 daAuts
     D:1: 957 daAuts
     D:4: 325 daAuts
